Map: Magannatha LE

Players

AmandaSmmith

  • Race: Protoss Protoss
  • League: Diamond
  • Spawn Location: 5:00

ManlyManMeat - Winner!

  • Race: Zerg Zerg
  • League: Diamond
  • Spawn Location: 11:00

VOD

Have the link to the VOD?

Description

Time

  • Played on: July 9, 2025, 9:26 a.m.
  • Length: 7:29
Show
View Real Time Build Order
Export as new Build Order

AmandaSmmith Protoss 

Build Orders:  

Get SALT Encoding   

  1  0:00  Probe  
  12  0:04  Probe  
  14  0:15  Probe  
  15  0:22  Pylon  
  15  0:40  Probe  
  15  0:41  Gateway  
  16  0:52  Probe  
  17  1:04  Probe  
  17  1:08  Assimilator  
  17  1:11  Assimilator  
  18  1:14  Gateway  
  18  1:16  Probe  
  19  1:27  Probe  
  19  1:30  Cybernetics Core  
  20  1:35  Probe  
  21  1:44  Probe  
  21  1:48  Forge  
  21  1:51  Pylon  
  22  1:55  Probe  
  23  2:07  Warp Gate  
  23  2:11  Pylon  
  23  2:19  Gateway  
  23  2:25  Gateway  
  23  2:27  Zealot  
  25  2:39  Photon Cannon  
  25  2:51  Probe, Twilight Council  
  26  3:03  Probe  
  27  3:21  Charge  
  27  3:23  Nexus  
  27  3:25  Probe  
  28  3:29  Stalker  
  30  3:37  Probe  
  31  3:44  Protoss Ground Weapons Level 1  
  31  3:57  Shield Battery  
  31  3:58  Zealot  
  31  4:00  Probe  
  34  4:17  Zealot  
  34  4:18  Zealot  
  34  4:20  Probe  
  39  4:28  Pylon  
  39  4:37  Probe x2  
  41  4:40  Zealot  
  41  4:43  Zealot  
  45  4:52  Zealot x2  
  49  4:59  Probe x2  
  51  5:05  Zealot  
  51  5:06  Zealot  
  54  5:11  Probe x2  
  54  5:13  Photon Cannon  
  56  5:23  Probe x2  
  56  5:40  Zealot x4  
  58  5:44  Pylon  
  58  5:58  Pylon  
  58  6:06  Stalker x2  
  61  6:22  Zealot x2  
  59  6:38  Stalker  
  59  6:39  Stalker  
  47  6:40  Probe x2  
  47  6:42  Assimilator  
  47  6:44  Assimilator  
  45  6:52  Probe, Photon Cannon  
  45  6:53  Probe, Photon Cannon  
  47  6:55  Shield Battery  
  47  6:57  Photon Cannon  
  47  7:04  Pylon, Nexus  
  47  7:05  Probe x2  
  49  7:10  Zealot x2  
  49  7:11  Zealot  
  55  7:17  Pylon  
Show
View Real Time Build Order
Export as new Build Order

ManlyManMeat Zerg - Winner!

Build Orders: Hatch First 

Get SALT Encoding   

  12  0:01  Drone  
  13  0:09  Drone  
  13  0:11  Extractor  
  13  0:15  Drone  
  15  0:28  Overlord  
  15  0:46  Hatchery  
  15  0:48  Drone  
  15  0:51  Drone  
  15  0:54  Drone  
  17  1:00  Drone  
  18  1:11  Extractor  
  17  1:15  Spawning Pool  
  16  1:23  Drone x2  
  18  1:31  Drone  
  19  1:41  Drone  
  20  2:02  Queen x2  
  20  2:03  Zergling x4  
  20  2:04  Overlord  
  26  2:10  Drone  
  26  2:13  Drone  
  28  2:18  Metabolic Boost  
  28  2:43  Drone x2  
  28  2:44  Drone  
  31  2:47  Hatchery  
  30  2:54  Zergling x6  
  33  2:59  Roach Warren  
  33  3:04  Zergling x2  
  33  3:09  Queen  
  33  3:10  Overlord  
  35  3:19  Zergling x2  
  36  3:21  Overlord  
  36  3:35  Drone x4  
  36  3:36  Extractor  
  36  3:37  Drone x2  
  36  3:40  Roach  
  43  3:45  Evolution Chamber  
  42  3:54  Drone x3  
  45  3:56  Drone x2  
  45  3:58  Roach  
  51  4:03  Roach  
  51  4:13  Overlord  
  51  4:14  Drone  
  52  4:18  Roach x2  
  56  4:27  Overlord x2  
  56  4:37  Drone x2, Extractor  
  56  4:38  Drone  
  58  4:39  Extractor  
  58  4:40  Drone  
  58  4:46  Ravager x3  
  58  4:47  Roach  
  58  4:49  Zergling x6  
  66  5:01  Zergling x2  
  66  5:02  Roach x3  
  73  5:08  Drone  
  73  5:11  Overlord x2  
  73  5:23  Overlord x2  
  73  5:26  Zerg Missile Weapons Level 1  
  73  5:29  Roach x2  
  73  5:30  Roach  
  79  5:40  Roach  
  81  5:43  Queen  
  81  5:46  Drone  
  81  5:47  Drone x3  
  87  5:59  Roach x4  
  87  6:04  Drone x2  
  95  6:26  Roach  
  95  6:28  Roach  
  95  6:29  Zergling x2  
  95  6:34  Roach x3  
  95  6:35  Roach x2  
  97  6:44  Overlord x4  
  97  6:45  Overlord  
  97  6:52  Evolution Chamber  
  96  6:56  Ravager  
Tags
 
Matchup
PvZ
Replay Pack
Myownreplay2
Spawn Locations
Cross Positions
Add a new tag
Caveats
  • Supply blocks, unpowered buildings, or Contaminate may cause inaccurate times.
  • Supply counts are checked every 10 seconds.